Gulls vs Checkers 2

Created - 14 novembre 2023 at 17:55

Goals
1 2 3 T
Gulls 0 0 1 1
Checkers 2 1 1 1 3
Shots
1 2 3 T
Gulls 0 4 4 8
Checkers 2 8 11 11 30

GoalsPenalties
1st period
1. Checkers 2 , Brett Ritchie 18 (Laurent Dauphin 33, Max Pacioretty 21) at 11:13
Jacob Bernard-Docker (ANA) for Holding (Minor) at 18:37
2nd period
2. Checkers 2 , Laurent Dauphin 16 (Brett Ritchie 17, Joel Kiviranta 12) at 19:16
Kale Howarth (ANA) for Tripping (Minor) at 12:10
3rd period
3. Checkers 2 , Joel Kiviranta 7 (Sheldon Dries 5) at 0:32
4. Gulls , Zach Giuttari 1 (Samuel Bolduc 4, Kale Howarth 1) at 4:38
Parker Kelly (SEA) for Roughing (Minor) at 2:25
Jacob Bernard-Docker (ANA) for Unsportsmanlike conduct (Minor) at 13:08
Goalie Stats
Louis Domingue (ANA), 27 saves from 30 shots - (0,900), L, 13-15-9, 60:00 minutes
David Rittich (SEA), 7 saves from 8 shots - (0,875), W, 25-7-2, 60:00 minutes
3 StarsOfficial
1 - Joel Kiviranta (SEA)
2 - Laurent Dauphin (SEA)
3 - Brett Ritchie (SEA)
Referees : Tom Chmielewski and Marc Joannette
Linesman : Jesse Marquis and Kendall Hanley
Game Note
No Game Note



Team Name Goals Shots Shots Attemp Shots Blocked PIM HIT PP PK FO%
Gulls 1829126170 / 1 (0%)040%
Checkers 2 3306072210 / 3 (0%)060%

Gulls
Player Name POS G A P +/- PIM HIT SHT SB MP PP MP PP SHT PK MP PK SHT FO% FOT GA TA
Alex VlasicD000-1011124:431:1103:5800% 001
Guillaume BriseboisD000-1000010:020:1202:0500% 000
Hendrix LapierreC0000013023:451:0301:58043% 700
Jacob Bernard-DockerD000-2410420:521:2201:0500% 000
Jake LivingstoneD000-1000423:471:1303:3500% 002
Justin BaileyRW000-2022019:540:5400:0000% 010
Kale HowarthLW0111210014:110:0300:1500% 010
Matthew KniesLW000-2030126:271:0203:19063% 800
Maxim CajkovicRW000000000:530:0000:0000% 000
Samuel BolducD0111010014:430:0000:4100% 000
Vincent ArseneauLW000-3010021:240:5302:01010% 1000
Vitali KravtsovLW/RW0000041125:461:0703:24033% 910
Wyatt BongiovanniC000-1000117:400:4900:40080% 500
Xavier ParentC/LW/RW0001000010:210:0300:17033% 300
Yanni KaldisD000-1000015:580:0000:3000% 001
Zach GiuttariD1011001013:090:0000:0000% 000
Zach SolowRW000002008:220:0300:0000% 000
Zach TsekosC000000002:030:0000:0000% 100
Checkers 2
Player Name POS G A P +/- PIM HIT SHT SB MP PP MP PP SHT PK MP PK SHT FO% FOT GA TA
Alex BelzileC/RW000001004:230:0000:0000% 000
Alex GalchenyukC/LW/RW000000004:591:5300:5500% 000
Brett RitchieRW1121024022:483:5110:0000% 210
Cale FleuryD0000001019:310:0000:4700% 000
Colton WhiteD0000011325:083:2800:0000% 000
Conor TimminsD0001001124:152:2901:1200% 000
Hudson FaschingRW0000014014:130:0000:0000% 000
Jake ChristiansenD000000000:000:0000:0000% 000
Joel HanleyD0000001028:583:2801:1200% 002
Joel KivirantaLW/RW1121033020:202:3300:5500% 010
Laurent DauphinC1121025122:423:2610:22068% 2200
Max PaciorettyLW0111017022:123:2620:0000% 120
Michael Del ZottoD0002010011:382:2900:0000% 000
Nathan WalkerLW0001040017:342:3101:0400% 000
Parker KellyC/LW0000212015:280:0000:00057% 700
Scott HarringtonD0001000110:300:0000:4700% 000
Sheldon DriesC0111030017:370:0400:42060% 1000
Wayne SimmondsLW/RW0000011115:440:0700:000100% 101

Gulls

5 vs 5 Forward
Line #Left WingCenterRight WingPHYDFOFWanted %Time %Time Play
1Matthew KniesVitali KravtsovHendrix Lapierre0144029%15:21
2Vitali KravtsovHendrix LapierreMatthew Knies0143528%14:28
3Matthew KniesVincent ArseneauJustin Bailey1221526%13:18
4Vitali KravtsovMatthew KniesWyatt Bongiovanni1221017%8:57
5 vs 5 Defense
Line #DefenseDefensePHYDFOFWanted %Time %Time Play
1Alex VlasicJake Livingstone1224039%20:06
2Jacob Bernard-DockerYanni Kaldis1223026%13:39
3Samuel BolducZach Giuttari1222025%13:00
4Guillaume BriseboisJacob Bernard-Docker1221010%5:19
Power Play Forward
Line #Left WingCenterRight WingPHYDFOFWanted %Time %Time Play
1Hendrix LapierreVitali KravtsovMatthew Knies00560100%1:59
2Vitali KravtsovHendrix LapierreMatthew Knies014400%0:00
Power Play Defense
Line #DefenseDefensePHYDFOFWanted %Time %Time Play
1Jacob Bernard-DockerJake Livingstone1226071%1:25
2Jacob Bernard-DockerAlex Vlasic1224029%0:34
Penalty Kill 4 Players Forward
Line #CenterWingPHYDFOFWanted %Time %Time Play
1Matthew KniesVitali Kravtsov12260100%5:57
2Matthew KniesHendrix Lapierre122400%0:00
Penalty Kill 4 Players Defense
Line #DefenseDefensePHYDFOFWanted %Time %Time Play
1Jacob Bernard-DockerAlex Vlasic1226078%4:39
2Jacob Bernard-DockerJake Livingstone1224022%1:18
Penalty Kill 3 Players
Line #WingPHYDFOFWanted %Time %Time PlayDefenseDefensePHYDFOFWanted %Time %Time Play
1Matthew Knies122600%0:00 Alex VlasicJacob Bernard-Docker122600%0:00
2Matthew Knies122400%0:00 Jacob Bernard-DockerZach Giuttari122400%0:00
4 vs 4 Forward
Line #CenterWingPHYDFOFWanted %Time %Time Play
1Matthew KniesVitali Kravtsov122600%0:00
2Matthew KniesHendrix Lapierre122400%0:00
4 vs 4 Defense
Line #DefensePHYDFOFWanted %Time %Time Play
1Jacob Bernard-DockerJake Livingstone122600%0:00
2Jacob Bernard-DockerSamuel Bolduc122400%0:00
Last Minutes Offensive
Left WingCenterRight WingDefenseDefense
Matthew KniesVitali KravtsovHendrix LapierreAlex VlasicJake Livingstone
Last Minutes Defensive
Left WingCenterRight WingDefenseDefense
Matthew KniesVitali KravtsovHendrix LapierreAlex VlasicJake Livingstone
Time
Total ForwardTotal DefenseLast Minutes OffensiveLast Minutes Defensive
60:00 60:00 0:000:00
Extra Forwards
Normal PowerPlayPenalty Kill
Hendrix Lapierre, Vitali Kravtsov, Matthew KniesMatthew Knies, Hendrix LapierreMatthew Knies
Extra Defensemen
Normal PowerPlayPenalty Kill
Yanni Kaldis, Jacob Bernard-Docker, Guillaume BriseboisAlex Vlasic, Jake LivingstoneJacob Bernard-Docker
Penalty Shots
Vitali Kravtsov, Justin Bailey, Hendrix Lapierre, Vincent Arseneau, Matthew Knies
Goalie
Louis Domingue, Joey Daccord
Scratches
Egor Sokolov (Healthy), Andrew Poturalski (Healthy)

Checkers 2

5 vs 5 Forward
Line #Left WingCenterRight WingPHYDFOFWanted %Time %Time Play
1Max PaciorettyLaurent DauphinBrett Ritchie0234536%18:52
2Nathan WalkerSheldon DriesJoel Kiviranta0233029%15:18
3Wayne SimmondsParker KellyHudson Fasching0322027%14:04
4Joel KivirantaSheldon DriesAlex Belzile03257%3:50
5 vs 5 Defense
Line #DefenseDefensePHYDFOFWanted %Time %Time Play
1Joel HanleyColton White0325042%21:42
2Conor TimminsCale Fleury0323037%19:30
3Scott HarringtonJoel Hanley0321019%9:43
4Joel HanleyConor Timmins032102%1:09
Power Play Forward
Line #Left WingCenterRight WingPHYDFOFWanted %Time %Time Play
1Max PaciorettyLaurent DauphinBrett Ritchie0236058%3:26
2Nathan WalkerBrett RitchieJoel Kiviranta0234042%2:31
Power Play Defense
Line #DefenseDefensePHYDFOFWanted %Time %Time Play
1Joel HanleyColton White0236058%3:28
2Conor TimminsMichael Del Zotto0234042%2:29
Penalty Kill 4 Players Forward
Line #CenterWingPHYDFOFWanted %Time %Time Play
1Sheldon DriesJoel Kiviranta0505035%0:42
2Parker KellyNathan Walker0505065%1:17
Penalty Kill 4 Players Defense
Line #DefenseDefensePHYDFOFWanted %Time %Time Play
1Joel HanleyConor Timmins1316061%1:12
2Scott HarringtonCale Fleury1314039%0:47
Penalty Kill 3 Players
Line #WingPHYDFOFWanted %Time %Time PlayDefenseDefensePHYDFOFWanted %Time %Time Play
1Wayne Simmonds050600%0:00 Joel HanleyConor Timmins041600%0:00
2Hudson Fasching050400%0:00 Scott HarringtonCale Fleury041400%0:00
4 vs 4 Forward
Line #CenterWingPHYDFOFWanted %Time %Time Play
1Laurent DauphinMax Pacioretty032500%0:00
2Sheldon DriesBrett Ritchie032500%0:00
4 vs 4 Defense
Line #DefensePHYDFOFWanted %Time %Time Play
1Joel HanleyColton White032600%0:00
2Conor TimminsCale Fleury032400%0:00
Last Minutes Offensive
Left WingCenterRight WingDefenseDefense
Max PaciorettySheldon DriesBrett RitchieJoel HanleyMichael Del Zotto
Last Minutes Defensive
Left WingCenterRight WingDefenseDefense
Nathan WalkerLaurent DauphinJoel KivirantaConor TimminsScott Harrington
Time
Total ForwardTotal DefenseLast Minutes OffensiveLast Minutes Defensive
60:00 60:00 0:000:00
Extra Forwards
Normal PowerPlayPenalty Kill
Nathan Walker, Laurent Dauphin, Brett RitchieLaurent Dauphin, Brett RitchieNathan Walker
Extra Defensemen
Normal PowerPlayPenalty Kill
Joel Hanley, Conor Timmins, Michael Del ZottoJoel Hanley, Conor TimminsScott Harrington
Penalty Shots
Max Pacioretty, Sheldon Dries, Brett Ritchie, Nathan Walker, Laurent Dauphin
Goalie
David Rittich, Pavel Francouz
Scratches
Gage Quinney (Healthy), Xavier Ouellet (Healthy), Jeremy Davies (Healthy), Martin Kaut (Healthy), Mikhail Maltsev (Healthy) Noah Juulsen (Healthy), Victor Mete (Healthy), Nate Thompson (Healthy), Radim Zohorna (Healthy), Patrick Guay (Healthy) Maxime Lagace (Healthy), Zach Sawchenko (Healthy)


Play-by-Play

1st period


0:01 of 1st period - Laurent Dauphin wins face-off versus Vitali Kravtsov in neutral zone.
0:14 of 1st period - Colton White is hit by Hendrix Lapierre and loses puck.
0:31 of 1st period - Snap shot by Joel Kiviranta.
0:31 of 1st period - Shot Misses the Net.
0:33 of 1st period - Wrist shot by Joel Hanley.
0:33 of 1st period - Deflect By Joel Kiviranta.
0:33 of 1st period - Shot Misses the Net.
0:33 of 1st period - Puck is out of play.
0:34 of 1st period - Parker Kelly wins face-off versus Vincent Arseneau in Gulls zone.
1:55 of 1st period - Slapshot by Vitali Kravtsov.
1:55 of 1st period - Shot Blocked by Conor Timmins.
2:12 of 1st period - Off-side.
2:13 of 1st period - Laurent Dauphin wins face-off versus Vincent Arseneau in neutral zone.
3:06 of 1st period - Snap shot by Justin Bailey.
3:06 of 1st period - Shot Misses the Net.
3:08 of 1st period - Slapshot by Samuel Bolduc.
3:08 of 1st period - Shot Blocked by Colton White.
3:23 of 1st period - Off-side.
3:24 of 1st period - Sheldon Dries wins face-off versus Hendrix Lapierre in neutral zone.
4:12 of 1st period - Icing by Nathan Walker.
4:13 of 1st period - Wyatt Bongiovanni wins face-off versus Sheldon Dries in Checkers 2 zone.
5:11 of 1st period - Icing by Parker Kelly.
5:12 of 1st period - Xavier Parent wins face-off versus Parker Kelly in Checkers 2 zone.
5:39 of 1st period - Joel Hanley is hit by Justin Bailey and loses puck.
5:46 of 1st period - Vincent Arseneau is hit by Nathan Walker and loses puck.
6:51 of 1st period - Colton White is hit by Vitali Kravtsov and loses puck.
7:18 of 1st period - Wrist shot by Hendrix Lapierre.
7:18 of 1st period - Shot Blocked by Wayne Simmonds.
7:38 of 1st period - Zach Solow is hit by Joel Kiviranta.
8:16 of 1st period - Jacob Bernard-Docker is hit by Joel Kiviranta and loses puck.
8:40 of 1st period - Icing by Colton White.
8:41 of 1st period - Wayne Simmonds wins face-off versus Vincent Arseneau in Checkers 2 zone.
8:48 of 1st period - Wrist shot by Hudson Fasching.
8:48 of 1st period - Stopped by Louis Domingue with a rebound.
8:50 of 1st period - Wrist shot by Brett Ritchie.
8:50 of 1st period - Stopped by Louis Domingue without a rebound.
8:51 of 1st period - Vincent Arseneau wins face-off versus Brett Ritchie in Gulls zone.
9:25 of 1st period - Wyatt Bongiovanni is hit by Joel Kiviranta and loses puck.
9:30 of 1st period - Wrist shot by Joel Kiviranta.
9:30 of 1st period - Stopped by Louis Domingue with a rebound.
9:32 of 1st period - Slapshot by Scott Harrington.
9:32 of 1st period - Deflect By Sheldon Dries.
9:32 of 1st period - Shot Misses the Net.
9:32 of 1st period - Puck is out of play.
9:33 of 1st period - Sheldon Dries wins face-off versus Vincent Arseneau in Gulls zone.
10:30 of 1st period - Vincent Arseneau is hit by Nathan Walker and loses puck.
10:55 of 1st period - Snap shot by Hudson Fasching.
10:55 of 1st period - Shot Blocked by Matthew Knies.
10:57 of 1st period - Slapshot by Cale Fleury.
10:57 of 1st period - Shot Blocked by Jake Livingstone.
10:59 of 1st period - Snap shot by Parker Kelly.
10:59 of 1st period - Stopped by Louis Domingue without a rebound.
11:00 of 1st period - Laurent Dauphin wins face-off versus Hendrix Lapierre in Gulls zone.
11:01 of 1st period - Snap shot by Brett Ritchie.
11:01 of 1st period - Shot Blocked by Jake Livingstone.
11:09 of 1st period - Slapshot by Laurent Dauphin.
11:09 of 1st period - Stopped by Louis Domingue with a rebound.
11:11 of 1st period - Slapshot by Brett Ritchie.
11:11 of 1st period - Shot Misses the Net.
11:13 of 1st period - Wrist shot by Brett Ritchie.
11:13 of 1st period - Goal by Brett Ritchie - Gulls : 0 - Checkers 2 : 1.
11:14 of 1st period - Hendrix Lapierre wins face-off versus Sheldon Dries in neutral zone.
11:41 of 1st period - Jake Livingstone is hit by Brett Ritchie and loses puck.
12:33 of 1st period - Wrist shot by Vitali Kravtsov.
12:33 of 1st period - Shot Misses the Net.
13:46 of 1st period - Scott Harrington is hit by Samuel Bolduc and loses puck.
14:18 of 1st period - Slapshot by Kale Howarth.
14:18 of 1st period - Shot Misses the Net.
14:20 of 1st period - Snap shot by Kale Howarth.
14:20 of 1st period - Shot Misses the Net.
14:32 of 1st period - Vitali Kravtsov is hit by Laurent Dauphin and loses puck.
16:01 of 1st period - Hudson Fasching is hit by Vitali Kravtsov and loses puck.
16:26 of 1st period - Zach Giuttari is hit by Max Pacioretty and loses puck.
17:07 of 1st period - Vitali Kravtsov is hit by Alex Belzile and loses puck.
18:01 of 1st period - Icing by Justin Bailey.
18:02 of 1st period - Laurent Dauphin wins face-off versus Zach Tsekos in Gulls zone.
18:03 of 1st period - Snap shot by Max Pacioretty.
18:03 of 1st period - Deflect By Sheldon Dries.
18:03 of 1st period - Shot Misses the Net.
18:03 of 1st period - Puck is out of play.
18:04 of 1st period - Hendrix Lapierre wins face-off versus Sheldon Dries in Gulls zone.
18:04 of 1st period - Hendrix Lapierre is hit by Sheldon Dries.
18:37 of 1st period - Minor Penalty to Jacob Bernard-Docker for Holding.
18:38 of 1st period - Laurent Dauphin wins face-off versus Vitali Kravtsov in Gulls zone.
18:44 of 1st period - Wrist shot by Max Pacioretty.
18:44 of 1st period - Stopped by Louis Domingue without a rebound.
18:45 of 1st period - Matthew Knies wins face-off versus Laurent Dauphin in Gulls zone.
19:12 of 1st period - Snap shot by Brett Ritchie.
19:12 of 1st period - Stopped by Louis Domingue with a rebound.
19:39 of 1st period - Slapshot by Hendrix Lapierre.
19:39 of 1st period - Deflect By Vincent Arseneau.
19:39 of 1st period - Shot Misses the Net.
19:39 of 1st period - Puck is out of play.
19:40 of 1st period - Matthew Knies wins face-off versus Brett Ritchie in Checkers 2 zone.
Goals for this period are 0 for Gulls vs 1 for Checkers 2.
Shots for this period are 0 for Gulls vs 8 for Checkers 2.

2nd period


0:01 of 2nd period - Laurent Dauphin wins face-off versus Matthew Knies in neutral zone.
0:08 of 2nd period - Snap shot by Laurent Dauphin.
0:08 of 2nd period - Shot Misses the Net.
0:10 of 2nd period - Snap shot by Max Pacioretty.
0:10 of 2nd period - Shot Misses the Net.
0:12 of 2nd period - Slapshot by Brett Ritchie.
0:12 of 2nd period - Shot Blocked by Jake Livingstone.
0:37 of 2nd period - Penalty to Jacob Bernard-Docker is over, Jacob Bernard-Docker is back on ice.
0:50 of 2nd period - Slapshot by Hendrix Lapierre.
0:50 of 2nd period - Stopped by David Rittich with a rebound.
1:25 of 2nd period - Icing by Joel Kiviranta.
1:26 of 2nd period - Laurent Dauphin wins face-off versus Wyatt Bongiovanni in Checkers 2 zone.
1:35 of 2nd period - Slapshot by Hendrix Lapierre.
1:35 of 2nd period - Shot Blocked by Colton White.
1:37 of 2nd period - Wrist shot by Hendrix Lapierre.
1:37 of 2nd period - Shot Misses the Net.
1:54 of 2nd period - Vincent Arseneau is hit by Parker Kelly and loses puck.
2:09 of 2nd period - Wrist shot by Joel Kiviranta.
2:09 of 2nd period - Shot Misses the Net.
2:49 of 2nd period - Wrist shot by Vitali Kravtsov.
2:49 of 2nd period - Shot Hit the Post.
3:07 of 2nd period - Slapshot by Hudson Fasching.
3:07 of 2nd period - Shot Blocked by Wyatt Bongiovanni.
3:09 of 2nd period - Snap shot by Michael Del Zotto.
3:09 of 2nd period - Shot Blocked by Vitali Kravtsov.
4:04 of 2nd period - Snap shot by Hudson Fasching.
4:04 of 2nd period - Stopped by Louis Domingue with a rebound.
4:06 of 2nd period - Slapshot by Cale Fleury.
4:06 of 2nd period - Stopped by Louis Domingue with a rebound.
4:08 of 2nd period - Wrist shot by Hudson Fasching.
4:08 of 2nd period - Shot Blocked by Jacob Bernard-Docker.
4:10 of 2nd period - Backhand shot by Cale Fleury.
4:10 of 2nd period - Shot Blocked by Jacob Bernard-Docker.
4:12 of 2nd period - Slapshot by Hudson Fasching.
4:12 of 2nd period - Stopped by Louis Domingue without a rebound.
4:13 of 2nd period - Vitali Kravtsov wins face-off versus Laurent Dauphin in Gulls zone.
4:48 of 2nd period - Slapshot by Wayne Simmonds.
4:48 of 2nd period - Stopped by Louis Domingue with a rebound.
4:50 of 2nd period - Snap shot by Conor Timmins.
4:50 of 2nd period - Shot Hit the Post.
4:52 of 2nd period - Slapshot by Conor Timmins.
4:52 of 2nd period - Deflect By Alex Vlasic.
4:52 of 2nd period - Stopped by Louis Domingue with a rebound.
5:40 of 2nd period - Zach Solow is hit by Wayne Simmonds and loses puck.
6:08 of 2nd period - Wyatt Bongiovanni is hit by Nathan Walker and loses puck.
6:33 of 2nd period - Snap shot by Max Pacioretty.
6:33 of 2nd period - Stopped by Louis Domingue with a rebound.
7:08 of 2nd period - Alex Vlasic is hit by Michael Del Zotto and loses puck.
9:22 of 2nd period - Joel Kiviranta is hit by Matthew Knies.
10:00 of 2nd period - Justin Bailey is hit by Nathan Walker.
10:37 of 2nd period - Michael Del Zotto is hit by Alex Vlasic and loses puck.
11:09 of 2nd period - Icing by Jake Livingstone.
11:10 of 2nd period - Laurent Dauphin wins face-off versus Xavier Parent in Gulls zone.
11:42 of 2nd period - Nathan Walker is hit by Vitali Kravtsov and loses puck.
12:10 of 2nd period - Minor Penalty to Kale Howarth for Tripping.
12:11 of 2nd period - Matthew Knies wins face-off versus Laurent Dauphin in Gulls zone.
12:11 of 2nd period - Matthew Knies is hit by Laurent Dauphin.
12:24 of 2nd period - Snap shot by Max Pacioretty.
12:24 of 2nd period - Shot Blocked by Alex Vlasic.
12:26 of 2nd period - Backhand shot by Max Pacioretty.
12:26 of 2nd period - Stopped by Louis Domingue with a rebound.
12:28 of 2nd period - Snap shot by Max Pacioretty.
12:28 of 2nd period - Shot Misses the Net.
12:38 of 2nd period - Joel Kiviranta is hit by Jacob Bernard-Docker and loses puck.
14:10 of 2nd period - Penalty to Kale Howarth is over, Kale Howarth is back on ice.
14:22 of 2nd period - Wrist shot by Justin Bailey.
14:22 of 2nd period - Stopped by David Rittich without a rebound.
14:23 of 2nd period - Parker Kelly wins face-off versus Vincent Arseneau in Checkers 2 zone.
14:43 of 2nd period - Conor Timmins is hit by Vincent Arseneau and loses puck.
15:12 of 2nd period - Slapshot by Joel Kiviranta.
15:12 of 2nd period - Shot Blocked by Jacob Bernard-Docker.
15:30 of 2nd period - Vitali Kravtsov is hit by Colton White and loses puck.
16:15 of 2nd period - Snap shot by Xavier Parent.
16:15 of 2nd period - Shot Misses the Net.
16:27 of 2nd period - Wrist shot by Wayne Simmonds.
16:27 of 2nd period - Shot Misses the Net.
16:29 of 2nd period - Snap shot by Hudson Fasching.
16:29 of 2nd period - Stopped by Louis Domingue without a rebound.
16:30 of 2nd period - Wyatt Bongiovanni wins face-off versus Parker Kelly in Gulls zone.
16:47 of 2nd period - Wrist shot by Joel Kiviranta.
16:47 of 2nd period - Stopped by Louis Domingue without a rebound.
16:48 of 2nd period - Sheldon Dries wins face-off versus Matthew Knies in Gulls zone.
17:13 of 2nd period - Snap shot by Vitali Kravtsov.
17:13 of 2nd period - Stopped by David Rittich with a rebound.
17:44 of 2nd period - Snap shot by Max Pacioretty.
17:44 of 2nd period - Stopped by Louis Domingue with a rebound.
18:18 of 2nd period - Kale Howarth is hit by Sheldon Dries and loses puck.
18:59 of 2nd period - Conor Timmins is hit by Zach Solow and loses puck.
19:16 of 2nd period - Wrist shot by Laurent Dauphin.
19:16 of 2nd period - Goal by Laurent Dauphin - Gulls : 0 - Checkers 2 : 2.
19:17 of 2nd period - Vitali Kravtsov wins face-off versus Laurent Dauphin in neutral zone.
19:20 of 2nd period - Max Pacioretty is hit by Vitali Kravtsov and loses puck.
19:25 of 2nd period - Slapshot by Hendrix Lapierre.
19:25 of 2nd period - Shot Blocked by Laurent Dauphin.
19:27 of 2nd period - Wrist shot by Hendrix Lapierre.
19:27 of 2nd period - Stopped by David Rittich with a rebound.
19:29 of 2nd period - Snap shot by Alex Vlasic.
19:29 of 2nd period - Shot Misses the Net.
Goals for this period are 0 for Gulls vs 1 for Checkers 2.
Shots for this period are 4 for Gulls vs 11 for Checkers 2.

3rd period


0:01 of 3rd period - Hendrix Lapierre wins face-off versus Laurent Dauphin in neutral zone.
0:04 of 3rd period - Snap shot by Alex Vlasic.
0:04 of 3rd period - Stopped by David Rittich with a rebound.
0:06 of 3rd period - Snap shot by Hendrix Lapierre.
0:06 of 3rd period - Shot Misses the Net.
0:12 of 3rd period - Wrist shot by Hendrix Lapierre.
0:12 of 3rd period - Shot Misses the Net.
0:14 of 3rd period - Snap shot by Hendrix Lapierre.
0:14 of 3rd period - Stopped by David Rittich with a rebound.
0:16 of 3rd period - Snap shot by Vitali Kravtsov.
0:16 of 3rd period - Shot Blocked by Colton White.
0:28 of 3rd period - Slapshot by Nathan Walker.
0:28 of 3rd period - Deflect By Sheldon Dries.
0:28 of 3rd period - Shot Misses the Net.
0:28 of 3rd period - Puck is out of play.
0:29 of 3rd period - Sheldon Dries wins face-off versus Vincent Arseneau in Gulls zone.
0:32 of 3rd period - Wrist shot by Joel Kiviranta.
0:32 of 3rd period - Goal by Joel Kiviranta - Gulls : 0 - Checkers 2 : 3.
0:33 of 3rd period - Laurent Dauphin wins face-off versus Vitali Kravtsov in neutral zone.
0:42 of 3rd period - Snap shot by Max Pacioretty.
0:42 of 3rd period - Stopped by Louis Domingue without a rebound.
0:43 of 3rd period - Laurent Dauphin wins face-off versus Matthew Knies in Gulls zone.
1:06 of 3rd period - Wrist shot by Max Pacioretty.
1:06 of 3rd period - Shot Misses the Net.
1:08 of 3rd period - Slapshot by Laurent Dauphin.
1:08 of 3rd period - Shot Misses the Net.
1:12 of 3rd period - Wrist shot by Max Pacioretty.
1:12 of 3rd period - Shot Misses the Net.
1:14 of 3rd period - Slapshot by Joel Hanley.
1:14 of 3rd period - Shot Blocked by Jacob Bernard-Docker.
1:16 of 3rd period - Snap shot by Joel Hanley.
1:16 of 3rd period - Stopped by Louis Domingue with a rebound.
1:18 of 3rd period - Slapshot by Colton White.
1:18 of 3rd period - Shot Misses the Net.
1:20 of 3rd period - Snap shot by Brett Ritchie.
1:20 of 3rd period - Stopped by Louis Domingue with a rebound.
1:40 of 3rd period - Wrist shot by Max Pacioretty.
1:40 of 3rd period - Stopped by Louis Domingue with a rebound.
1:42 of 3rd period - Slapshot by Colton White.
1:42 of 3rd period - Stopped by Louis Domingue without a rebound.
1:43 of 3rd period - Sheldon Dries wins face-off versus Vincent Arseneau in Gulls zone.
2:10 of 3rd period - Justin Bailey is hit by Hudson Fasching.
2:13 of 3rd period - Off-side.
2:14 of 3rd period - Parker Kelly wins face-off versus Vitali Kravtsov in neutral zone.
2:25 of 3rd period - Minor Penalty to Parker Kelly for Roughing.
2:26 of 3rd period - Sheldon Dries wins face-off versus Hendrix Lapierre in Checkers 2 zone.
2:35 of 3rd period - Joel Hanley is hit by Matthew Knies and loses puck.
3:12 of 3rd period - Nathan Walker is hit by Justin Bailey and loses puck.
4:25 of 3rd period - Penalty to Parker Kelly is over, Parker Kelly is back on ice.
4:25 of 3rd period - Icing by Joel Hanley.
4:26 of 3rd period - Laurent Dauphin wins face-off versus Xavier Parent in Checkers 2 zone.
4:26 of 3rd period - Laurent Dauphin is hit by Zach Solow.
4:34 of 3rd period - Backhand shot by Samuel Bolduc.
4:34 of 3rd period - Shot Misses the Net.
4:36 of 3rd period - Slapshot by Zach Giuttari.
4:36 of 3rd period - Shot Misses the Net.
4:38 of 3rd period - Slapshot by Zach Giuttari.
4:38 of 3rd period - Deflect By Joel Hanley.
4:38 of 3rd period - Goal by Zach Giuttari - Gulls : 1 - Checkers 2 : 3.
4:39 of 3rd period - Laurent Dauphin wins face-off versus Hendrix Lapierre in neutral zone.
6:07 of 3rd period - Wrist shot by Brett Ritchie.
6:07 of 3rd period - Shot Misses the Net.
6:13 of 3rd period - Wrist shot by Laurent Dauphin.
6:13 of 3rd period - Stopped by Louis Domingue without a rebound.
6:14 of 3rd period - Matthew Knies wins face-off versus Parker Kelly in Gulls zone.
7:27 of 3rd period - Icing by Laurent Dauphin.
7:28 of 3rd period - Wyatt Bongiovanni wins face-off versus Max Pacioretty in Checkers 2 zone.
8:01 of 3rd period - Slapshot by Parker Kelly.
8:01 of 3rd period - Stopped by Louis Domingue with a rebound.
8:03 of 3rd period - Slapshot by Conor Timmins.
8:03 of 3rd period - Shot Blocked by Jake Livingstone.
8:22 of 3rd period - Snap shot by Laurent Dauphin.
8:22 of 3rd period - Stopped by Louis Domingue with a rebound.
9:06 of 3rd period - Wrist shot by Yanni Kaldis.
9:06 of 3rd period - Shot Blocked by Scott Harrington.
9:19 of 3rd period - Icing by Zach Solow.
9:20 of 3rd period - Wyatt Bongiovanni wins face-off versus Sheldon Dries in Gulls zone.
9:20 of 3rd period - Wyatt Bongiovanni is hit by Sheldon Dries.
9:50 of 3rd period - Snap shot by Max Pacioretty.
9:50 of 3rd period - Stopped by Louis Domingue without a rebound.
9:51 of 3rd period - Laurent Dauphin wins face-off versus Vitali Kravtsov in Gulls zone.
10:04 of 3rd period - Snap shot by Matthew Knies.
10:04 of 3rd period - Deflect By Joel Hanley.
10:04 of 3rd period - Shot Misses the Net.
10:04 of 3rd period - Puck is out of play.
10:05 of 3rd period - Laurent Dauphin wins face-off versus Vincent Arseneau in Checkers 2 zone.
10:21 of 3rd period - Icing by Joel Hanley.
10:22 of 3rd period - Laurent Dauphin wins face-off versus Vitali Kravtsov in Checkers 2 zone.
10:49 of 3rd period - Snap shot by Laurent Dauphin.
10:49 of 3rd period - Shot Misses the Net.
11:09 of 3rd period - Wrist shot by Justin Bailey.
11:09 of 3rd period - Stopped by David Rittich without a rebound.
11:10 of 3rd period - Parker Kelly wins face-off versus Vincent Arseneau in Checkers 2 zone.
12:22 of 3rd period - Hudson Fasching is hit by Kale Howarth and loses puck.
12:43 of 3rd period - Wyatt Bongiovanni is hit by Brett Ritchie and loses puck.
13:08 of 3rd period - Minor Penalty to Jacob Bernard-Docker for Unsportsmanlike conduct.
13:09 of 3rd period - Matthew Knies wins face-off versus Laurent Dauphin in Gulls zone.
13:25 of 3rd period - Snap shot by Laurent Dauphin.
13:25 of 3rd period - Stopped by Louis Domingue with a rebound.
15:08 of 3rd period - Penalty to Jacob Bernard-Docker is over, Jacob Bernard-Docker is back on ice.
17:16 of 3rd period - Wayne Simmonds is hit by Matthew Knies and loses puck.
19:09 of 3rd period - Icing by Vitali Kravtsov.
19:10 of 3rd period - Vitali Kravtsov wins face-off versus Laurent Dauphin in Gulls zone.
Goals for this period are 1 for Gulls vs 1 for Checkers 2.
Shots for this period are 4 for Gulls vs 11 for Checkers 2.